Map: Emerald City LE

Players

SteinDM

  • Race: Terran Terran
  • Spawn Location: 5:00

MicroJackson

  • Race: Terran Terran
  • League: Platinum
  • Spawn Location: 5:00

Massa - Winner!

  • Race: Terran Terran
  • League: Gold
  • Spawn Location: 11:00

qqq - Winner!

  • Race: Zerg Zerg
  • League: Platinum
  • Spawn Location: 11:00

VOD

Have the link to the VOD?

Description

Time

  • Played on: May 28, 2020, 10:32 a.m.
  • Length: 22:03
Show
View Real Time Build Order
Export as new Build Order

SteinDM Terran 

Build Orders:  

Get SALT Encoding   

  12  0:01  SCV  
  13  0:13  SCV  
  14  0:17  Supply Depot  
  14  0:26  Refinery  
  14  0:28  SCV  
  15  0:41  Barracks  
  15  0:45  SCV  
  16  0:58  SCV  
  17  1:10  SCV  
  18  1:17  Supply Depot  
  18  1:28  Orbital Command  
  18  1:32  Factory  
  18  1:47  Marine  
  20  1:54  SCV  
  20  2:05  Marine  
  20  2:07  SCV  
  22  2:16  Hellion  
  22  2:18  Command Center  
  24  2:24  Barracks Reactor  
  24  2:27  SCV  
  25  2:35  Starport  
  25  2:38  Hellion  
  27  2:45  SCV  
  28  2:54  Refinery  
  28  2:57  SCV  
  29  3:10  Hellion  
  31  3:16  Hellion, Medivac  
  35  3:20  SCV  
  35  3:23  Supply Depot  
  36  3:47  Bunker, Marine  
  37  3:48  Orbital Command  
  37  4:02  SCV  
  38  4:05  Marine  
  38  4:07  Starport Reactor  
  38  4:09  Hellion x2  
  43  4:15  Factory  
  43  4:23  Barracks Tech Lab  
  43  4:30  Starport  
  43  4:32  Starport, SCV  
  44  4:39  Refinery  
  40  5:12  Widow Mine x2, SCV x2  
  40  5:21  Starport Tech Lab x2  
  40  5:24  SCV x2  
  42  5:29  Fusion Core  
  42  5:36  SCV  
  42  5:37  Refinery, SCV  
  44  5:48  Widow Mine x2  
  44  5:49  SCV x2  
  50  5:59  Armory  
  50  6:01  SCV x2  
  52  6:08  Engineering Bay  
  52  6:13  Widow Mine x2, SCV  
  57  6:19  Widow Mine x2  
  57  6:24  Weapon Refit  
  61  6:37  Missile Turret  
  61  6:40  Missile Turret  
  61  6:42  SCV  
  62  6:47  Supply Depot x2  
  62  6:50  Missile Turret  
  62  7:02  SCV x2, Supply Depot  
  62  7:03  Supply Depot  
  62  7:05  Battlecruiser  
  70  7:14  SCV x2  
  72  7:19  Battlecruiser  
  78  7:23  Terran Vehicle Weapons Level 1  
  78  7:34  SCV x2  
  80  7:43  Supply Depot  
  80  7:45  Supply Depot  
  80  7:46  SCV x2  
  80  7:47  Battlecruiser  
  95  7:58  Widow Mine x3, SCV  
  95  7:59  Widow Mine  
  95  8:03  Armory  
  97  8:07  Hellion x2  
  97  8:08  SCV  
  97  8:10  SCV  
  99  8:15  Command Center  
  99  8:20  SCV  
  100  8:47  Barracks Tech Lab  
  100  8:57  Battlecruiser  
  100  8:58  Starport  
  102  9:06  Terran Vehicle And Ship Armor Level 1  
  102  9:17  Missile Turret  
  102  9:21  Missile Turret  
  102  9:38  Terran Ship Weapons Level 1  
  102  9:40  SCV x2  
  110  9:52  SCV  
  111  9:58  Missile Turret x2  
  111  10:14  Drilling Claws  
  111  10:17  Liberator  
  111  10:22  Battlecruiser x2  
  111  10:24  SCV x2  
  111  10:28  Refinery, Planetary Fortress  
  118  10:30  Refinery  
  110  10:36  SCV  
  110  10:37  SCV  
  98  11:18  SCV x2  
  100  11:21  Battlecruiser  
  100  11:26  Battlecruiser  
  100  11:30  SCV x2  
  108  11:34  Liberator x2  
  114  11:40  Command Center  
  114  11:42  SCV x2  
  116  11:54  SCV x2  
  118  12:06  SCV x2  
  114  12:13  Battlecruiser  
  114  12:16  Liberator  
  114  12:17  Liberator  
  114  12:26  Battlecruiser  
  96  12:59  Battlecruiser  
  101  13:18  Battlecruiser  
  93  14:03  SCV x2  
  93  14:08  Widow Mine x3  
  101  14:13  Battlecruiser x2  
  101  14:15  SCV x2  
  115  14:21  Refinery  
  115  14:22  Refinery, Battlecruiser  
  121  14:25  Terran Vehicle And Ship Armor Level 2, Terran Ship Weapons Level 2  
  121  14:27  SCV x2  
  121  14:29  Widow Mine x2  
  121  14:30  Widow Mine  
  129  14:39  SCV x2  
  130  14:51  Widow Mine x2  
  132  15:05  SCV  
  133  15:13  Refinery  
  133  15:41  Widow Mine, SCV  
  132  16:22  SCV  
  133  16:35  SCV x2, Battlecruiser x2  
  147  16:50  Battlecruiser  
  145  17:08  Terran Ship Weapons Level 3  
  145  17:09  Terran Vehicle And Ship Armor Level 3  
  145  17:20  SCV x2  
  147  17:32  SCV  
  147  17:33  SCV  
  149  17:39  Command Center  
  149  17:46  Refinery  
  149  17:49  Refinery  
  149  17:55  Supply Depot  
  149  17:56  Supply Depot  
  149  17:57  Supply Depot  
  149  18:17  SCV x2, Battlecruiser  
  149  18:18  Battlecruiser  
  163  18:29  SCV x2  
  145  18:47  Widow Mine x3  
  148  18:50  Battlecruiser  
  144  19:08  Widow Mine x2, Hellion  
  141  19:21  Battlecruiser  
  141  19:22  Battlecruiser  
  131  19:29  Widow Mine  
  131  19:30  Widow Mine  
Show
View Real Time Build Order
Export as new Build Order

MicroJackson Terran 

Build Orders:  

Get SALT Encoding   

  12  0:00  SCV  
  13  0:12  SCV  
  14  0:18  Supply Depot  
  14  0:25  SCV  
  15  0:29  Refinery  
  15  0:40  SCV  
  16  0:46  Barracks  
  16  0:53  SCV  
  17  1:06  SCV  
  18  1:18  SCV  
  19  1:30  SCV  
  20  1:36  Barracks Reactor  
  20  1:49  Orbital Command  
  20  1:54  Bunker  
  20  1:59  Factory  
  20  2:12  Command Center  
  20  2:16  SCV  
  20  2:20  Marine  
  22  2:28  Supply Depot  
  22  2:29  Marine  
  23  2:50  Refinery, Hellion  
  25  2:55  Starport, SCV  
  26  3:03  Marine x2  
  28  3:08  SCV  
  28  3:12  Factory Tech Lab  
  29  3:26  Orbital Command  
  29  3:27  SCV  
  29  3:32  Siege Tank  
  33  3:39  SCV  
  34  3:48  Engineering Bay  
  34  3:55  Barracks  
  34  3:58  Barracks  
  34  4:05  Marine x2  
  36  4:24  Liberator  
  36  4:25  SCV  
  36  4:26  SCV  
  36  4:31  Orbital Command  
  41  4:33  Terran Infantry Weapons Level 1  
  41  4:50  Factory Tech Lab  
  41  4:55  Barracks Reactor  
  41  4:58  Barracks Tech Lab  
  41  5:06  Marine  
  41  5:07  Marine  
  42  5:09  Stimpack  
  42  5:13  Siege Tank  
  46  5:34  Combat Shield  
  46  5:38  Supply Depot  
  46  5:55  Barracks  
  46  5:56  Barracks x2  
  46  6:00  SCV x2, Marine  
  46  6:04  Missile Turret  
  49  6:05  Missile Turret x2  
  46  6:12  SCV x2  
  46  6:16  Missile Turret  
  46  6:17  Missile Turret  
  48  6:20  Missile Turret  
  48  6:22  Medivac  
  48  6:24  SCV  
  51  6:30  Engineering Bay, Missile Turret  
  51  6:33  Armory  
  51  6:39  Marine  
  52  6:43  Command Center  
  52  6:46  Barracks Reactor  
  52  6:47  Barracks Reactor  
  52  6:48  Barracks Reactor  
  52  6:58  Marine x2  
  52  6:59  Sensor Tower  
  54  7:03  Supply Depot  
  54  7:09  Refinery  
  54  7:21  Missile Turret  
  54  7:25  SCV, Marine x7  
  54  7:26  Concussive Shells  
  62  7:34  Supply Depot  
  62  7:35  Supply Depot  
  62  7:38  Terran Infantry Armor Level 1  
  62  7:55  SCV, Marine x2  
  65  7:58  Marine x2  
  65  7:59  Marine x6  
  65  8:03  Supply Depot  
  65  8:05  Supply Depot  
  73  8:06  Terran Vehicle And Ship Armor Level 1  
  73  8:07  SCV  
  73  8:12  Refinery, Marine x2  
  74  8:16  Marine x2  
  74  8:19  Planetary Fortress  
  78  8:27  Starport Reactor  
  78  8:30  Marine x2  
  78  8:31  Marine  
  78  8:32  Marine  
  82  8:48  Supply Depot  
  82  8:56  SCV x3  
  82  9:00  Missile Turret  
  85  9:04  Marine  
  85  9:05  Marine x2  
  85  9:08  SCV x3  
  91  9:11  Missile Turret  
  91  9:23  Marine x6  
  91  9:24  Marine x4  
  102  9:31  SCV x3  
  104  9:39  Medivac x2  
  104  9:43  SCV, Terran Infantry Weapons Level 2  
  109  9:45  Terran Infantry Armor Level 2  
  103  10:16  Marine x5  
  103  10:17  Marauder, Marine x4  
  114  10:34  Marine x4  
  117  10:45  Supply Depot  
  117  10:46  Supply Depot  
  117  10:47  Supply Depot  
  117  10:53  Marine  
  117  10:54  Marine  
  117  10:55  Marine  
  117  10:57  Marine  
  117  10:58  Marine  
  117  10:59  Marine x2  
  117  11:00  Marine  
  117  11:01  Marauder x2  
  83  11:14  Marine x3  
  83  11:15  Marine  
  83  11:16  Marine, Siege Tank  
  83  11:17  Marine x3  
  73  11:22  Marauder  
  73  11:23  Marauder  
  77  11:32  Marine x3, Viking x2  
  83  11:33  Marine  
  83  11:34  Marine  
  84  11:44  Marauder x2  
  87  11:50  Missile Turret  
  82  12:02  Medivac  
  64  12:09  Marine x2  
  64  12:10  Marauder x2, Marine x6  
  64  12:21  Terran Infantry Weapons Level 3  
  59  12:27  Marine x4  
  59  12:28  Marine x4  
  52  12:48  Marine x6  
  52  12:49  Marine x4  
  53  13:06  Marine x7  
  49  13:25  Marauder x2, Marine x5  
  46  13:38  Marine x3  
  46  13:42  Marine  
  46  13:47  Marauder  
  43  14:32  Command Center  
  43  14:42  Orbital Command, Command Center  
  43  15:33  Medivac x2  
  33  16:11  Command Center  
  33  16:15  Marine  
  33  16:16  Marauder, Marine x4  
  40  16:25  Orbital Command  
  32  17:28  Command Center  
  32  17:53  Marine x3  
  32  17:54  Marauder, Marine  
  33  18:45  Marine x3  
  33  18:46  Marine x5  
  41  18:53  Command Center  
  41  19:03  Marine x2  
  41  19:04  Marine  
  40  19:21  Orbital Command  
  40  19:28  Marine x2  
  40  19:29  Marine x4  
  40  19:30  Marine  
  47  19:41  Marine  
  47  19:42  Marine x2  
  50  19:46  Marine x4  
  49  19:59  Marine x6  
  51  20:04  Marine x4  
  51  20:05  Siege Tank  
  57  20:17  Marine x2  
  53  20:30  Marine x2  
  53  20:31  Marine x5  
  39  21:03  Command Center  
  38  21:05  Command Center  
  30  21:31  Marine  
  30  21:32  Marine x2  
Show
View Real Time Build Order
Export as new Build Order

Massa Terran - Winner!

Build Orders:  

Get SALT Encoding   

  12  0:11  Supply Depot  
  12  0:23  SCV  
  13  0:34  Barracks  
  13  0:35  SCV  
  14  0:47  SCV  
  15  0:59  SCV  
  15  1:00  Barracks  
  16  1:08  Supply Depot  
  16  1:31  Marine  
  17  1:45  Refinery  
  17  1:46  Orbital Command  
  17  1:48  Marine x2  
  19  2:06  Marine  
  20  2:12  SCV  
  21  2:24  SCV  
  21  2:26  Refinery  
  21  2:27  Marine x2  
  24  2:36  SCV  
  25  2:44  Marine  
  25  2:45  Marine  
  25  2:48  SCV  
  28  2:52  Factory  
  28  3:01  SCV  
  28  3:05  Command Center  
  29  3:13  SCV  
  29  3:18  Barracks Tech Lab  
  30  3:30  Engineering Bay  
  30  3:39  Factory Tech Lab  
  30  3:43  Factory  
  30  3:56  Missile Turret  
  30  4:04  SCV  
  31  4:16  Missile Turret  
  31  4:17  SCV, Siege Tank  
  35  4:18  Supply Depot  
  35  4:29  SCV  
  35  4:31  Orbital Command  
  36  4:38  Missile Turret  
  36  4:41  SCV  
  36  4:42  Missile Turret  
  37  4:51  Missile Turret  
  34  4:59  Missile Turret  
  31  5:01  Marauder  
  31  5:03  Missile Turret  
  31  5:12  Terran Infantry Weapons Level 1  
  31  5:17  Factory Tech Lab  
  31  5:22  Marauder  
  31  5:24  Missile Turret  
  31  5:25  SCV  
  34  5:30  SCV  
  35  5:37  SCV  
  35  5:39  Siege Tank  
  35  5:42  SCV  
  40  5:43  Marine  
  40  5:47  Missile Turret  
  40  5:49  SCV  
  42  5:51  Barracks  
  42  5:52  Barracks Reactor  
  42  5:54  SCV  
  43  6:01  SCV, Marauder  
  46  6:06  SCV  
  47  6:23  Marauder  
  49  6:32  Sensor Tower  
  49  6:44  SCV x2, Marine  
  49  6:45  Command Center  
  52  6:56  SCV x2  
  54  7:06  Terran Infantry Armor Level 1  
  54  7:07  Supply Depot  
  54  7:28  Marine x3  
  54  7:29  Marauder  
  59  7:30  Supply Depot  
  59  7:38  Refinery  
  59  7:41  Siege Tank  
  59  7:42  Refinery  
  62  7:46  Sensor Tower  
  62  7:49  Barracks Reactor  
  62  7:51  Marine x2  
  62  7:52  Marauder, Supply Depot  
  66  7:59  Barracks  
  66  8:07  Supply Depot  
  66  8:09  Marine x2  
  68  8:13  Armory, Marauder  
  68  8:14  Supply Depot  
  68  8:19  Engineering Bay  
  70  8:21  SCV x2  
  70  8:25  Orbital Command  
  72  8:27  Marine x2  
  72  8:29  Supply Depot  
  72  8:33  SCV x2  
  76  8:34  Marine  
  76  8:37  Supply Depot  
  77  8:45  SCV x2  
  79  8:51  Sensor Tower  
  79  8:52  Marauder  
  81  8:57  SCV x2  
  81  9:00  Combat Shield  
  83  9:25  Missile Turret  
  85  9:38  Marauder, Marine, Missile Turret  
  85  9:39  Marine x3  
  85  9:42  Barracks Reactor  
  89  9:46  Barracks, Missile Turret  
  89  9:56  Marine x2  
  89  9:57  Marine  
  94  10:00  Marauder  
  94  10:06  Missile Turret  
  94  10:08  Missile Turret  
  94  10:19  Stimpack  
  96  10:21  Marauder  
  96  10:27  Missile Turret  
  96  10:32  Missile Turret  
  96  10:38  Marine  
  96  10:39  Marine x6  
  105  10:42  Marauder  
  105  10:47  Missile Turret  
  105  10:56  Marine x2  
  107  10:57  Marine x5  
  100  11:04  Marauder  
  90  11:13  Missile Turret  
  90  11:14  Marine x2  
  90  11:15  Marine x5  
  90  11:17  Thor x2  
  108  11:25  Marauder  
  108  11:32  Marine x3  
  110  11:33  Marine x4  
  110  11:36  Starport  
  107  11:40  Refinery  
  107  11:47  Marauder  
  105  11:48  SCV  
  105  11:50  Marine x2  
  105  11:53  Barracks Tech Lab  
  108  11:59  Concussive Shells  
  108  12:00  SCV, Thor x2  
  120  12:08  Marauder  
  114  12:12  SCV  
  105  12:24  SCV  
  105  12:29  Marauder  
  108  12:36  SCV  
  99  12:40  Marauder, Marine x2  
  99  12:41  Marine  
  96  12:47  Thor x2  
  96  12:51  Marauder  
  104  13:02  Marauder  
  92  13:16  Marauder  
  92  13:17  Marine x4  
  92  13:18  Marine x2  
  98  13:23  Marauder  
  96  13:30  Thor  
  96  13:33  Command Center  
  102  13:35  Marine x4  
  102  13:36  Marine x2  
  102  13:38  Marauder  
  102  13:40  Command Center  
  110  13:45  Marauder  
  112  13:52  Marine  
  112  13:53  Marine x3  
  112  13:54  Marine x2  
  99  13:55  Thor  
  99  13:59  Marauder  
  103  14:05  Marine  
  104  14:10  Marine  
  104  14:11  Factory  
  104  14:12  Thor  
  104  14:14  SCV  
  104  14:15  Refinery  
  112  14:20  SCV x2  
  114  14:26  SCV  
  115  14:32  SCV  
  115  14:33  SCV  
  115  14:37  Refinery  
  115  14:38  SCV  
  116  14:44  SCV  
  116  14:45  Terran Infantry Armor Level 2, SCV  
  118  14:48  Terran Vehicle Weapons Level 1  
  118  14:50  SCV  
  118  14:51  Armory  
  119  14:56  SCV  
  119  14:57  SCV  
  119  14:58  Orbital Command  
  119  14:59  Orbital Command  
  121  15:02  SCV  
  121  15:03  Marauder x2  
  121  15:04  Marine x6  
  132  15:08  SCV  
  132  15:09  SCV  
  134  15:15  Supply Depot  
  134  15:22  Marine x3  
  134  15:23  Medivac  
  134  15:24  Marauder  
  134  15:25  Marauder  
  134  15:27  Starport  
  143  15:38  Thor x5  
  143  15:39  Supply Depot  
  135  15:46  Marauder x2  
  134  15:53  Medivac  
  128  16:02  Supply Depot  
  123  16:07  Marauder x2  
  118  16:14  Marine  
  118  16:15  Marine x4  
  115  16:25  Thor x2  
  127  16:29  Marauder x2  
  131  16:42  Terran Vehicle And Ship Armor Level 1  
  93  17:07  Thor  
  93  17:08  Thor  
  105  17:14  Factory  
  105  17:15  SCV x4  
  108  17:18  Factory  
  108  17:21  Command Center  
  109  17:23  Refinery  
  109  17:27  SCV x3  
  109  17:28  SCV  
  109  17:29  Refinery  
  113  17:39  SCV x2, Marauder  
  113  17:40  SCV x2, Marauder, Marine x6, Command Center  
  127  17:50  Starport Reactor, Thor x2  
  138  17:51  SCV  
  138  17:52  SCV x3  
  138  17:58  Marine x6  
  143  18:00  Missile Turret  
  143  18:01  Marauder x2  
  143  18:04  Factory Tech Lab x2  
  152  18:16  Marine x6  
  155  18:22  Marauder  
  155  18:23  Marauder  
  155  18:27  Thor x2  
  157  18:33  Marine, Thor x2  
  157  18:34  Marine x5  
  187  18:53  Sensor Tower  
  187  18:59  Supply Depot  
  187  19:03  Marine  
  187  19:15  Marine  
  187  19:18  Marine x3  
  187  19:20  Marauder x2, Marine  
  187  19:21  Marine  
  187  19:22  Supply Depot  
  188  19:33  Marine  
  188  19:36  Marine x2  
  187  19:42  Marauder x2  
  187  19:43  Marine x3  
  181  19:46  Supply Depot  
  181  19:51  Marine  
  182  19:53  Marine  
  182  19:54  Marine  
  169  20:00  Marine  
  169  20:01  Marine x2  
  169  20:03  Marauder x2  
  156  20:08  Marine  
  156  20:09  Thor x3  
  156  20:10  Thor, Supply Depot  
  156  20:11  Marine  
  156  20:12  Marine  
  157  20:18  Marine  
  135  20:25  Marauder x2  
  135  20:33  Supply Depot  
  135  20:34  Marine  
  135  20:35  Marine x4  
  130  20:36  Marine  
  130  20:38  Medivac x2  
  129  20:46  Marauder x2  
  131  20:52  Marine, Thor x2  
  131  20:53  Marine x4  
  131  20:54  Marine  
  149  20:57  Supply Depot  
  149  21:07  Marauder x2  
  149  21:08  Medivac x2  
  149  21:10  Marine, Command Center  
  149  21:11  Marine x4, Command Center  
  162  21:12  Marine  
  162  21:16  Command Center  
  158  21:28  Marine x3  
  158  21:29  Marauder x2, Marine x2  
  158  21:32  Marine  
Show
View Real Time Build Order
Export as new Build Order

qqq Zerg - Winner!

Build Orders: Hatch First, Brood Lord Corruptor 

Get SALT Encoding   

  12  0:01  Drone  
  13  0:08  Drone  
  14  0:38  Hatchery  
  13  0:52  Spawning Pool  
  12  0:59  Overlord  
  12  1:07  Drone  
  12  1:08  Drone  
  14  1:14  Extractor  
  14  1:15  Drone  
  14  1:25  Drone  
  15  1:44  Drone  
  15  1:45  Queen  
  18  1:51  Queen  
  20  1:54  Drone  
  20  2:00  Drone  
  22  2:02  Drone  
  23  2:15  Drone  
  24  2:17  Drone  
  24  2:18  Drone  
  26  2:26  Drone  
  27  2:31  Lair  
  27  2:42  Drone  
  28  2:46  Overlord x2  
  28  2:47  Extractor  
  27  2:56  Drone  
  28  3:06  Drone x4  
  28  3:07  Drone x3  
  35  3:13  Drone  
  35  3:14  Drone  
  35  3:15  Drone  
  38  3:30  Spire  
  38  3:32  Drone x2  
  39  3:34  Extractor  
  39  3:37  Drone x3  
  41  3:49  Spore Crawler  
  41  3:50  Spore Crawler  
  41  3:52  Drone x3, Spore Crawler  
  41  3:56  Drone  
  41  3:57  Zergling x2  
  43  4:03  Infestation Pit  
  43  4:05  Drone  
  43  4:10  Zergling x2  
  44  4:17  Overlord x2  
  44  4:24  Extractor, Drone  
  44  4:32  Spine Crawler  
  44  4:34  Hatchery, Drone  
  44  4:35  Drone  
  44  4:40  Zergling x4  
  44  4:41  Zergling x2  
  47  4:49  Hive  
  47  5:00  Zergling x6  
  47  5:03  Mutalisk x2  
  47  5:05  Mutalisk  
  56  5:13  Drone x3  
  59  5:26  Drone  
  60  5:31  Overlord x3  
  60  5:48  Drone x4  
  64  5:56  Queen  
  64  5:58  Drone  
  67  6:17  Corruptor x4  
  67  6:18  Corruptor  
  75  6:19  Drone  
  75  6:20  Drone, Hatchery  
  78  6:26  Greater Spire  
  78  6:36  Spore Crawler  
  78  6:38  Spore Crawler  
  76  6:42  Spore Crawler  
  76  6:43  Drone x2  
  76  6:45  Drone x4, Spine Crawler  
  76  6:46  Zergling x2  
  81  6:47  Mutalisk  
  83  6:55  Spore Crawler  
  83  6:56  Spore Crawler  
  83  6:57  Spine Crawler  
  83  6:59  Drone  
  81  7:06  Corruptor  
  83  7:08  Corruptor  
  83  7:15  Drone x2  
  87  7:17  Corruptor  
  89  7:25  Metabolic Boost  
  89  7:29  Overlord x3  
  89  7:31  Overlord  
  89  7:38  Overseer  
  89  7:42  Corruptor x2  
  93  7:46  Brood Lord  
  93  7:50  Drone x3  
  93  7:51  Drone  
  99  7:55  Brood Lord  
  101  7:59  Brood Lord  
  101  8:01  Drone  
  101  8:02  Drone  
  101  8:04  Drone  
  106  8:10  Zerg Flyer Armor Level 1  
  106  8:18  Drone x6  
  112  8:20  Corruptor  
  114  8:29  Corruptor  
  114  8:31  Drone, Zergling x8  
  114  8:32  Drone  
  122  8:38  Extractor  
  122  8:41  Queen  
  123  8:42  Corruptor x2  
  123  8:47  Overlord  
  123  8:48  Overlord x2  
  127  8:49  Overlord  
  127  9:06  Brood Lord  
  129  9:10  Extractor  
  129  9:12  Drone x2  
  129  9:13  Drone x2  
  129  9:14  Drone x4  
  136  9:23  Corruptor x2  
  140  9:26  Brood Lord  
  142  9:32  Drone x3  
  145  9:42  Drone  
  137  9:55  Hatchery  
  130  10:02  Hatchery  
  130  10:04  Zerg Flyer Weapons Level 1  
  129  10:08  Brood Lord x3  
  129  10:09  Corruptor  
  129  10:10  Zergling x8  
  129  10:11  Zergling x8  
  129  10:12  Drone x4  
  149  10:33  Corruptor  
  149  10:34  Corruptor x3  
  157  10:36  Zergling x4  
  157  10:37  Drone  
  148  11:09  Brood Lord  
  148  11:10  Brood Lord, Corruptor x3  
  150  11:12  Drone x3  
  149  11:26  Overlord  
  149  11:27  Overlord x6  
  149  11:28  Zergling x4  
  149  11:29  Drone  
  149  11:32  Extractor  
  151  11:33  Extractor  
  151  11:35  Drone, Queen  
  151  11:36  Drone x2  
  155  11:44  Drone  
  150  11:58  Zerg Flyer Armor Level 2  
  144  12:09  Hatchery  
  144  12:13  Corruptor x6  
  144  12:14  Zergling x2, Corruptor  
  144  12:15  Zergling x2  
  155  12:16  Drone x5  
  155  12:17  Drone x4  
  146  12:55  Corruptor x7  
  146  12:56  Corruptor  
  146  12:57  Zergling x2  
  146  12:58  Drone x5  
  158  13:24  Corruptor x2  
  158  13:25  Corruptor x3  
  158  13:33  Zergling x8  
  158  13:34  Drone  
  158  13:35  Drone x5  
  158  13:59  Corruptor x3  
  158  14:01  Zergling x6  
  158  14:02  Drone x2  
  169  14:03  Drone x2  
  169  14:09  Drone x5  
  176  14:19  Extractor  
  176  14:23  Extractor  
  174  14:27  Brood Lord  
  174  14:28  Brood Lord x4  
  185  14:31  Zergling x8  
  185  14:32  Zergling x10  
  185  14:35  Zerg Flyer Weapons Level 2  
  193  15:01  Brood Lord x3  
  193  15:04  Zergling x2  
  200  15:19  Hydralisk Den  
  199  15:28  Extractor  
  198  15:29  Extractor  
  164  15:45  Corruptor x4  
  164  15:46  Corruptor x3  
  160  16:00  Grooved Spines  
  152  16:05  Corruptor x2  
  152  16:07  Zergling x6  
  152  16:08  Drone x3, Zergling x2  
  152  16:09  Zergling x8  
  162  16:11  Spore Crawler  
  162  16:14  Spore Crawler x4  
  162  16:15  Drone  
  162  16:16  Spore Crawler  
  162  16:17  Spore Crawler  
  156  16:19  Spore Crawler  
  156  16:21  Spore Crawler x4, Corruptor x2  
  156  16:22  Corruptor  
  156  16:23  Hydralisk x2  
  156  16:25  Hydralisk  
  163  16:33  Drone x2  
  165  16:43  Hydralisk x3  
  165  16:44  Corruptor x3  
  177  16:51  Zerg Flyer Armor Level 3  
  177  16:52  Hydralisk  
  177  16:53  Hydralisk x2  
  182  16:55  Hydralisk x4  
  182  16:56  Hydralisk  
  190  17:07  Spore Crawler, Evolution Chamber  
  172  17:08  Evolution Chamber  
  172  17:10  Spore Crawler  
  172  17:11  Spore Crawler x2  
  172  17:12  Spore Crawler x2, Muscular Augments  
  172  17:13  Spore Crawler  
  165  17:23  Spore Crawler x2  
  165  17:25  Spore Crawler  
  162  17:30  Hydralisk x3  
  162  17:31  Hydralisk x6, Spore Crawler  
  162  17:33  Hydralisk x6  
  162  17:34  Hydralisk x4, Spore Crawler  
  162  17:35  Spore Crawler  
  162  17:36  Spore Crawler x2  
  195  17:37  Spore Crawler x2  
  195  17:38  Spore Crawler  
  195  17:39  Zerg Missile Weapons Level 1, Spore Crawler  
  195  17:41  Zerg Ground Armor Level 1  
  191  17:48  Zergling x6  
  191  17:49  Zergling x6  
  191  17:51  Hydralisk  
  198  18:15  Corruptor  
  171  18:45  Hydralisk x5, Corruptor x2  
  171  18:46  Corruptor x2  
  189  18:56  Hydralisk  
  189  18:57  Hydralisk x4  
  183  19:16  Hydralisk  
  183  19:17  Hydralisk x2, Corruptor x2  
  159  19:20  Zergling x6  
  156  19:33  Corruptor  
  156  19:34  Hydralisk, Corruptor x4  
  156  19:37  Hydralisk x5  
  156  19:38  Hydralisk x3  
  166  19:48  Hydralisk x2  
  166  19:49  Hydralisk  
  162  20:03  Hydralisk  
  162  20:04  Hydralisk x5  
  162  20:05  Hydralisk x3  
  162  20:06  Hydralisk, Corruptor  
  159  20:30  Ultralisk Cavern  
  144  20:38  Evolution Chamber  
  144  20:39  Hydralisk x7  
  144  20:40  Hydralisk  
  144  20:41  Zergling x2  
  150  20:43  Zergling x16  
  150  20:44  Zergling x2  
  157  20:58  Hatchery  
  148  21:15  Hydralisk x5  
  148  21:16  Zergling x4, Corruptor x2  
  146  21:36  Hydralisk x2  
  146  21:37  Hatchery  
Tags
 
Add a new tag
Caveats
  • Supply blocks, unpowered buildings, or Contaminate may cause inaccurate times.
  • Supply counts are checked every 10 seconds.